Map: 冰雪合金-天梯版

Players

Silky - Winner!

  • Race: Zerg Zerg
  • League: Master

JieShi

  • Race: Protoss Protoss

Event: DreamHack SC2 Masters 2020 Summer China

VOD

Have the link to the VOD?

Description

Time

  • Played on: July 1, 2020, 9:03 a.m.
  • Length: 5:02

All games in this series

Show
View Real Time Build Order
Export as new Build Order

Silky Zerg - Winner!

Build Orders: Pool First 

Get SALT Encoding   

  12  0:00  Drone  
  13  0:12  Overlord  
  13  0:17  Drone  
  14  0:31  Drone x2  
  16  0:37  Drone  
  16  0:41  Extractor  
  16  0:45  Spawning Pool  
  16  0:49  Drone  
  16  0:56  Drone  
  17  1:07  Drone  
  18  1:19  Drone  
  18  1:24  Hatchery  
  18  1:32  Queen  
  18  1:37  Zergling x2  
  21  1:43  Metabolic Boost  
  21  1:47  Drone  
  22  1:57  Overlord  
  22  2:16  Zergling x4  
  22  2:20  Lair  
  24  2:23  Zergling x2  
  25  2:41  Zergling x10  
  29  2:53  Hatchery  
  29  2:55  Zergling x2  
  29  3:04  Zergling x6  
  32  3:18  Zergling x2  
  32  3:19  Nydus Network  
  31  3:24  Zergling x2  
  31  3:26  Zergling x2  
  31  3:31  Zergling x2  
  31  3:36  Zergling x2  
  31  3:41  Zergling x4  
  33  3:43  Zergling x2  
  35  3:51  Zergling x2  
  36  3:58  Nydus Canal  
  36  4:05  Overlord  
  35  4:20  Zergling x12  
  41  4:28  Zergling x2  
  38  4:31  Zergling x2  
  38  4:37  Zergling x2  
  38  4:39  Zergling x2  
  38  4:43  Zergling x2  
Show
View Real Time Build Order
Export as new Build Order

JieShi Protoss 

Build Orders: 1 Gate Expand 

Get SALT Encoding   

  12  0:00  Probe  
  13  0:12  Probe  
  14  0:20  Pylon  
  14  0:24  Probe  
  15  0:34  Probe  
  15  0:40  Gateway  
  15  0:42  Probe  
  17  0:50  Assimilator  
  17  0:53  Probe  
  18  1:05  Probe  
  19  1:17  Probe  
  20  1:27  Nexus  
  20  1:35  Cybernetics Core  
  20  1:38  Probe  
  21  1:45  Assimilator  
  21  1:50  Probe  
  22  1:54  Pylon  
  22  2:02  Adept, Probe  
  23  2:11  Warp Gate  
  23  2:14  Probe  
  26  2:24  Twilight Council  
  26  2:26  Probe  
  27  2:34  Stalker  
  27  2:36  Probe  
  27  2:37  Pylon  
  30  2:45  Probe  
  31  2:53  Probe  
  31  2:57  Resonating Glaives  
  32  3:02  Gateway  
  32  3:04  Adept  
  32  3:05  Probe  
  35  3:17  Shield Battery  
  34  3:21  Pylon  
  34  3:26  Pylon  
  32  3:34  Shield Battery, Probe x2  
  34  3:43  Gateway  
  34  3:46  Probe x2  
  34  3:47  Robotics Facility  
  36  3:51  Pylon  
  36  3:55  Probe  
  36  3:56  Probe  
  36  4:00  Adept  
  40  4:04  Adept, Probe  
  40  4:05  Probe  
  39  4:27  Adept  
  14  4:39  Adept  
  11  4:47  Adept  
Tags
 
Add a new tag
Caveats
  • Supply blocks, unpowered buildings, or Contaminate may cause inaccurate times.
  • Supply counts are checked every 10 seconds.